TOP OF THE 1ST |
Louisiana Dragoons batting - Pitching for Nebraska Plainsmen : RHP Peter Livengood
|
Pitching: RHP Peter Livengood
|
|
Batting: LHB Carlos Barrera
|
0-0: Ground out 5-3 (Groundball, 5S)
|
Batting: SHB Francisco Enríquez
|
0-0: Called Strike 0-1: Ball 1-1: Bunt missed! 1-2: Ball 2-2: Foul Ball, location: 2F 2-2: Strikes out looking
|
Batting: RHB Krystof Melichar
|
0-0: Swinging Strike 0-1: Called Strike 0-2: Strikes out swinging
|
Top of the 1st over - 0 runs, 0 hits, 0 errors, 0 left on base; Louisiana 0 - Nebraska 0 |
BOTTOM OF THE 1ST |
Nebraska Plainsmen batting - Pitching for Louisiana Dragoons : LHP Katsumoto Miyanohara
|
Pitching: LHP Katsumoto Miyanohara
|
|
Batting: LHB Nathan Housden
|
0-0: Called Strike 0-1: SINGLE (Groundball, 4MD)
|
Batting: RHB Charles Mackey
|
0-0: Grounds into double play, 1-6-3 (Groundball, 13)
|
Batting: RHB Diego Martínez
|
0-0: Called Strike 0-1: Ball 1-1: Swinging Strike 1-2: SINGLE (Line Drive, 7)
|
Batting: RHB Gary Mosley
|
0-0: Ball 1-0: Swinging Strike 1-1: DOUBLE (Line Drive, 78M) Diego Martínez to third Runner from 3rd tries for Home, SAFE, no throw
|
Batting: SHB Jorge Iglésias
|
0-0: Ball 1-0: Called Strike 1-1: Foul Ball, location: 2F 1-2: Strikes out swinging
|
Bottom of the 1st over - 1 run, 3 hits, 0 errors, 1 left on base; Louisiana 0 - Nebraska 1 |
TOP OF THE 2ND |
Louisiana Dragoons batting - Pitching for Nebraska Plainsmen : RHP Peter Livengood
|
Batting: RHB Pat Lloyd
|
0-0: Ball 1-0: Ground out 6-3 (Groundball, 6M)
|
Batting: LHB Ken Gill
|
0-0: Foul Ball, location: 2F 0-1: Ball 1-1: Ball 2-1: Ball 3-1: Base on Balls
|
Batting: RHB Min-gook Ch'oe
|
0-0: Ball 1-0: Called Strike 1-1: Fly out, F9 (Flyball, 9)
|
Batting: LHB António Candelária
|
0-0: Ball 1-0: Ball 2-0: Swinging Strike 2-1: Ball 3-1: Called Strike 3-2: Foul Ball, location: 2F 3-2: Foul Ball, location: 2F 3-2: Foul Ball, location: 2F 3-2: Foul Ball, location: 2F 3-2: Foul Ball, location: 2F 3-2: Foul Ball, location: 2F 3-2: Base on Balls Ken Gill to second
|
Batting: RHB Mike Printup
|
0-0: Ball 1-0: Swinging Strike 1-1: SINGLE (Line Drive, 4D) Ken Gill to third António Candelária to second
|
Batting: RHB Wallace Belyeu
|
0-0: Ball Wild Pitch! Ken Gill scores António Candelária to third Mike Printup to second 1-0: Ground out 5-3 (Groundball, 5S)
|
Top of the 2nd over - 1 run, 1 hit, 0 errors, 2 left on base; Louisiana 1 - Nebraska 1 |
BOTTOM OF THE 2ND |
Nebraska Plainsmen batting - Pitching for Louisiana Dragoons : LHP Katsumoto Miyanohara
|
Batting: RHB Tomas van Noord
|
0-0: Ground out 4-3 (Groundball, 34)
|
Batting: SHB Roger Dorn
|
0-0: Swinging Strike 0-1: Foul Ball, location: 2F 0-2: Ball 1-2: Foul Ball, location: 2F 1-2: Foul Ball, location: 2F 1-2: SINGLE (Groundball, 6MD)
|
Batting: SHB Ezequiel Oacia
|
0-0: Swinging Strike 0-1: Ball 1-1: Foul Ball, location: 2F 1-2: Strikes out looking
|
Batting: SHB Amadeo Álvarez
|
0-0: Ball 1-0: SINGLE (Flyball, 78S) Roger Dorn to second
|
Batting: LHB Nathan Housden
|
0-0: Ball 1-0: Ball 2-0: Called Strike 2-1: Ball 3-1: Foul Ball, location: 2F 3-2: Foul Ball, location: 2F 3-2: Foul Ball, location: 2F 3-2: Base on Balls Roger Dorn to third Amadeo Álvarez to second
|
Batting: RHB Charles Mackey
|
0-0: Called Strike 0-1: Called Strike 0-2: Ball 1-2: Ball 2-2: SINGLE (Line Drive, 78S) Roger Dorn scores Amadeo Álvarez to third Nathan Housden to second Runner from 3rd tries for Home, throw and OUT!
|
Bottom of the 2nd over - 1 run, 3 hits, 0 errors, 2 left on base; Louisiana 1 - Nebraska 2 |
TOP OF THE 3RD |
Louisiana Dragoons batting - Pitching for Nebraska Plainsmen : RHP Peter Livengood
|
Batting: LHB Carlos Barrera
|
0-0: Ball 1-0: Called Strike 1-1: Ball 2-1: Fly out, F6 (Line Drive, 6)
|
Batting: SHB Francisco Enríquez
|
0-0: Ball 1-0: Bunted foul 1-1: Ball 2-1: Ground out 5-3 (Groundball, 5)
|
Batting: RHB Krystof Melichar
|
0-0: Called Strike 0-1: Ball 1-1: Called Strike Error on foul ball, E5 1-2: Fly out, F9 (Flyball, 89S)
|
Top of the 3rd over - 0 runs, 0 hits, 1 error, 0 left on base; Louisiana 1 - Nebraska 2 |
BOTTOM OF THE 3RD |
Nebraska Plainsmen batting - Pitching for Louisiana Dragoons : LHP Katsumoto Miyanohara
|
Batting: RHB Diego Martínez
|
0-0: Called Strike 0-1: Ball 1-1: Foul Ball, location: 2F 1-2: Ball 2-2: Foul Ball, location: 2F 2-2: Fly out, F7 (Flyball, 7D)
|
Batting: RHB Gary Mosley
|
0-0: Ball 1-0: SINGLE (Groundball, 6M) (infield hit)
|
Batting: SHB Jorge Iglésias
|
0-0: Ball 1-0: Called Strike 1-1: Foul Ball, location: 2F 1-2: Ball 2-2: Ball 3-2: Grounds into double play, 5-4-3 (Groundball, 56)
|
Bottom of the 3rd over - 0 runs, 1 hit, 0 errors, 0 left on base; Louisiana 1 - Nebraska 2 |
TOP OF THE 4TH |
Louisiana Dragoons batting - Pitching for Nebraska Plainsmen : RHP Peter Livengood
|
Batting: RHB Pat Lloyd
|
0-0: Ball 1-0: Ball 2-0: Foul Ball, location: 2F 2-1: Ground out 6-3 (Groundball, 6)
|
Batting: LHB Ken Gill
|
0-0: Ball 1-0: Called Strike 1-1: Ball 2-1: Ball 3-1: DOUBLE (Flyball, 89D)
|
Batting: RHB Min-gook Ch'oe
|
0-0: Swinging Strike 0-1: Ball 1-1: Called Strike 1-2: Ball 2-2: Foul Ball, location: 2F 2-2: SINGLE (Groundball, 34D) Ken Gill to third Runner from 3rd tries for Home, SAFE, no throw
|
Batting: LHB António Candelária
|
0-0: Ball 1-0: Ball 2-0: Called Strike 2-1: Fly out, F5 (Line Drive, 56)
|
Batting: RHB Mike Printup
|
0-0: Ball 1-0: Ball 2-0: Called Strike 2-1: Fly out, F8 (Flyball, 8LM)
|
Top of the 4th over - 1 run, 2 hits, 0 errors, 1 left on base; Louisiana 2 - Nebraska 2 |
BOTTOM OF THE 4TH |
Nebraska Plainsmen batting - Pitching for Louisiana Dragoons : LHP Katsumoto Miyanohara
|
Batting: RHB Tomas van Noord
|
0-0: Ground out 4-3 (Groundball, 4)
|
Batting: SHB Roger Dorn
|
0-0: Called Strike 0-1: Fly out, F3 (Popup, 3SF)
|
Batting: SHB Ezequiel Oacia
|
0-0: Ground out 4-3 (Groundball, 4)
|
Bottom of the 4th over - 0 runs, 0 hits, 0 errors, 0 left on base; Louisiana 2 - Nebraska 2 |
TOP OF THE 5TH |
Louisiana Dragoons batting - Pitching for Nebraska Plainsmen : RHP Peter Livengood
|
Batting: RHB Wallace Belyeu
|
0-0: Called Strike 0-1: SINGLE (Line Drive, 8LS)
|
Batting: LHB Carlos Barrera
|
0-0: Sac Bunt - play at first, batter OUT! 3-4 Wallace Belyeu to second
|
Batting: SHB Francisco Enríquez
|
0-0: DOUBLE (Line Drive, 7D) Wallace Belyeu scores
|
Batting: RHB Krystof Melichar
|
0-0: Ball 1-0: SINGLE (Line Drive, 8LS) Francisco Enríquez to third Runner from 3rd tries for Home, SAFE, no throw
|
Batting: RHB Pat Lloyd
|
0-0: Swinging Strike 0-1: Ball 1-1: Ball 2-1: Foul Ball, location: 2F 2-2: SINGLE (Groundball, 6MD) Krystof Melichar to second Runner from 2nd tries for 3rd, SAFE, throw made at trailing runner, OUT!
|
Batting: LHB Ken Gill
|
0-0: Called Strike 0-1: Ball 1-1: Ball 2-1: Swinging Strike 2-2: Foul Ball, location: 2F 2-2: Ball 3-2: Foul Ball, location: 2F 3-2: SINGLE (Groundball, 56S) (infield hit) Krystof Melichar scores
|
Batting: RHB Min-gook Ch'oe
|
0-0: Ball 1-0: Fly out, F9 (Flyball, 89D)
|
Top of the 5th over - 3 runs, 5 hits, 0 errors, 1 left on base; Louisiana 5 - Nebraska 2 |
BOTTOM OF THE 5TH |
Nebraska Plainsmen batting - Pitching for Louisiana Dragoons : LHP Katsumoto Miyanohara
|
Batting: SHB Amadeo Álvarez
|
0-0: Ball 1-0: Ball 2-0: Called Strike 2-1: Ball 3-1: Foul Ball, location: 2F 3-2: Strikes out swinging
|
Batting: LHB Nathan Housden
|
0-0: Ball 1-0: Ground out 6-3 (Groundball, 6M)
|
Batting: RHB Charles Mackey
|
0-0: Called Strike 0-1: Foul Ball, location: 2F 0-2: Ground out 6-3 (Groundball, 6)
|
Bottom of the 5th over - 0 runs, 0 hits, 0 errors, 0 left on base; Louisiana 5 - Nebraska 2 |
TOP OF THE 6TH |
Louisiana Dragoons batting - Pitching for Nebraska Plainsmen : RHP Peter Livengood
|
Batting: LHB António Candelária
|
0-0: Ball 1-0: Ball 2-0: Ground out U3 (Groundball, 3L)
|
Batting: RHB Mike Printup
|
0-0: Ball 1-0: Ball 2-0: Ball 3-0: Called Strike 3-1: Foul Ball, location: 2F 3-2: Strikes out swinging
|
Batting: RHB Wallace Belyeu
|
0-0: Ball 1-0: Ball 2-0: Single, Error in OF, E9, batter to second base
|
Pitching: LHP Chance Schmidt
|
|
Batting: LHB Carlos Barrera
|
0-0: Called Strike 0-1: Ball 1-1: Fly out, F4 (Popup, 4MS)
|
Top of the 6th over - 0 runs, 1 hit, 1 error, 1 left on base; Louisiana 5 - Nebraska 2 |
BOTTOM OF THE 6TH |
Nebraska Plainsmen batting - Pitching for Louisiana Dragoons : LHP Katsumoto Miyanohara
|
Batting: RHB Diego Martínez
|
0-0: Ball 1-0: Called Strike 1-1: Ground out 6-3 (Groundball, 6)
|
Batting: RHB Gary Mosley
|
0-0: Called Strike 0-1: Ground out 5-3 (Groundball, 56S)
|
Batting: SHB Jorge Iglésias
|
0-0: Swinging Strike 0-1: Ball 1-1: Foul Ball, location: 2F 1-2: Foul Ball, location: 2F 1-2: Ball 2-2: SINGLE (Groundball, 56D)
|
Batting: RHB Tomas van Noord
|
0-0: Ball 1-0: Called Strike 1-1: SINGLE (Line Drive, 7S) Jorge Iglésias to second
|
Batting: SHB Roger Dorn
|
0-0: Foul Ball, location: 2F 0-1: Fly out, F8 (Line Drive, 8LD)
|
Bottom of the 6th over - 0 runs, 2 hits, 0 errors, 2 left on base; Louisiana 5 - Nebraska 2 |
TOP OF THE 7TH |
Louisiana Dragoons batting - Pitching for Nebraska Plainsmen : LHP Chance Schmidt
|
Batting: SHB Francisco Enríquez
|
0-0: Ball 1-0: Called Strike 1-1: Foul Ball, location: 2F 1-2: Fly out, F9 (Flyball, 89S)
|
Batting: RHB Krystof Melichar
|
0-0: Called Strike 0-1: SINGLE (Line Drive, 6MD)
|
Batting: RHB Pat Lloyd
|
0-0: Ball 1-0: Foul Ball, location: 2F 1-1: SINGLE (Line Drive, 6D) Krystof Melichar to second
|
Batting: LHB Ken Gill
|
0-0: Ball 1-0: Foul Ball, location: 2F 1-1: Foul Ball, location: 2F 1-2: Fielders Choice at 2nd, 6-4 (Groundball, 6) Krystof Melichar to third
|
Batting: RHB Min-gook Ch'oe
|
0-0: Called Strike 0-1: Foul Ball, location: 2F 0-2: Foul Ball, location: 2F 0-2: Strikes out swinging
|
Top of the 7th over - 0 runs, 2 hits, 0 errors, 2 left on base; Louisiana 5 - Nebraska 2 |
BOTTOM OF THE 7TH |
Nebraska Plainsmen batting - Pitching for Louisiana Dragoons : LHP Katsumoto Miyanohara
|
Batting: SHB Ezequiel Oacia
|
0-0: Swinging Strike 0-1: Ball 1-1: DOUBLE (Line Drive, 7LM)
|
Batting: SHB Amadeo Álvarez
|
0-0: Fly out, F8 (Line Drive, 8LS)
|
Batting: LHB Nathan Housden
|
0-0: Ball 1-0: Ground out U3 (Groundball, 3) Ezequiel Oacia to third
|
Pitching: LHP Billy Brooks
|
|
Batting: RHB Charles Mackey
|
0-0: Ball 1-0: Ball 2-0: Swinging Strike 2-1: Fly out, F7 (Flyball, 78M)
|
Bottom of the 7th over - 0 runs, 1 hit, 0 errors, 1 left on base; Louisiana 5 - Nebraska 2 |
TOP OF THE 8TH |
Louisiana Dragoons batting - Pitching for Nebraska Plainsmen : LHP Chance Schmidt
|
Batting: LHB António Candelária
|
0-0: Ball 1-0: Ball 2-0: Ground out U3 (Groundball, 3L)
|
Batting: RHB Mike Printup
|
0-0: Called Strike 0-1: Ball 1-1: Called Strike 1-2: Strikes out looking
|
Batting: RHB Wallace Belyeu
|
0-0: Ball 1-0: Ball 2-0: Swinging Strike 2-1: Foul Ball, location: 2F 2-2: Ball 3-2: Foul Ball, location: 2F 3-2: Foul Ball, location: 2F 3-2: Base on Balls
|
Batting: LHB Carlos Barrera
|
0-0: Called Strike 0-1: Ball 1-1: Ball 2-1: Ball 3-1: Fly out, F9 (Flyball, 9LS)
|
Top of the 8th over - 0 runs, 0 hits, 0 errors, 1 left on base; Louisiana 5 - Nebraska 2 |
BOTTOM OF THE 8TH |
Nebraska Plainsmen batting - Pitching for Louisiana Dragoons : LHP Billy Brooks
|
Batting: RHB Diego Martínez
|
0-0: SINGLE (Line Drive, 6M)
|
Batting: RHB Gary Mosley
|
0-0: Foul Ball, location: 2F 0-1: Ball 1-1: Swinging Strike 1-2: Ball 2-2: Strikes out swinging
|
Batting: SHB Jorge Iglésias
|
0-0: SINGLE (Groundball, 34D) Diego Martínez to second Runner from 2nd tries for 3rd, SAFE, no throw
|
Batting: RHB Tomas van Noord
|
0-0: Called Strike 0-1: Ball 1-1: Ball 2-1: Foul Ball, location: 2F 2-2: Fielders Choice at 2nd, 6-4 (Groundball, 6D) Diego Martínez scores
|
Batting: SHB Roger Dorn
|
0-0: Ball 1-0: Ball Wild Pitch! Tomas van Noord to second 2-0: Ball 3-0: Called Strike 3-1: Foul Ball, location: 2F 3-2: Strikes out swinging
|
Bottom of the 8th over - 1 run, 2 hits, 0 errors, 1 left on base; Louisiana 5 - Nebraska 3 |
TOP OF THE 9TH |
Louisiana Dragoons batting - Pitching for Nebraska Plainsmen : LHP Chance Schmidt
|
Batting: SHB Francisco Enríquez
|
0-0: Ball 1-0: Ball 2-0: Ball 3-0: Base on Balls
|
Batting: RHB Krystof Melichar
|
0-0: Called Strike 0-1: Ball 1-1: Foul Ball, location: 2F 1-2: Ball 2-2: Ball 3-2: Foul Ball, location: 2F 3-2: Fielders Choice at 2nd, 6-4 (Groundball, 6)
|
Pitching: RHP Eugenio Pensotti
|
|
Batting: RHB Pat Lloyd
|
0-0: Ball Krystof Melichar is caught stealing 2nd base 1-0: Ball 2-0: Ground out 4-3 (Groundball, 4)
|
Top of the 9th over - 0 runs, 0 hits, 0 errors, 0 left on base; Louisiana 5 - Nebraska 3 |
BOTTOM OF THE 9TH |
Nebraska Plainsmen batting - Pitching for Louisiana Dragoons : LHP Billy Brooks
|
Pitching: LHP Joe Fisher
|
|
Batting: SHB Ezequiel Oacia
|
0-0: Ball 1-0: Ball 2-0: Called Strike 2-1: Ball 3-1: Ground out 6-3 (Groundball, 6M)
|
Batting: SHB Amadeo Álvarez
|
0-0: SINGLE (Groundball, 56D)
|
Pinch Hitting: RHB Tatsui Murakami
|
0-0: Called Strike 0-1: Foul Ball, location: 2F 0-2: Ball 1-2: Foul Ball, location: 2F 1-2: Ball 2-2: Ball 3-2: DOUBLE (Line Drive, 7D) Amadeo Álvarez to third Amadeo Álvarez scores
|
Batting: RHB Charles Mackey
|
0-0: Called Strike 0-1: Ball 1-1: Foul Ball, location: 2F 1-2: Strikes out swinging
|
Batting: RHB Diego Martínez
|
0-0: Called Strike 0-1: Fly out, F3 (Popup, 3F)
|
Bottom of the 9th over - 1 run, 2 hits, 0 errors, 1 left on base; Louisiana 5 - Nebraska 4 |
|